 Dungeon Crawl Stone Soup version 0.29-a0-997-gf6f7e2dfe7 (webtiles) character file.

Game seed: 5459571720762303117

384396 freelancePsychic the Cryomancer (level 21, -6/163 HPs)
             Began as a Felid Wanderer on Aug 3, 2022.
             Was the Champion of Vehumet.
             Mangled by a death cob (19 damage)
             ... on level 2 of the Realm of Zot on Aug 4, 2022.
             The game lasted 03:04:08 (77138 turns).

freelancePsychic the Cryomancer (Felid Wanderer)   Turns: 77138, Time: 03:04:09

Health: -6/163     AC: 16    Str: 24    XL:     21   Next: 62%
Magic:  12/40      EV: 21    Int: 26    God:    Vehumet [******]
Gold:   6294       SH:  0    Dex: 22    Spells: 6/49 levels left
                                        Lives:  0   Deaths: 6

rFire   + + +      SeeInvis +   (weapon unavailable)
rCold   . . .      Faith    .   (shield unavailable)
rNeg    . . .      Spirit   .   (body armour unavailable)
rPois   +          Reflect  .   (helmet unavailable)
rElec   .          Harm     .   (cloak unavailable)
rCorr   .          Rampage  .   (gloves unavailable)
Will    +++..                   (boots unavailable)
Stlth   ++++......              r - amulet of regeneration
HPRegen 1.17/turn               y - ring of the Manifold Dreams {rF+ Str+8 Dex+6 Stlth-}
MPRegen 0.27/turn               V - ring of protection from cold

@: dragon-form, in a vortex, flying (expiring), very slightly contaminated,
slowed, studying Dodging, very slow
A: dragon claw, dragon scales, breathe fire, flying, boosted hp, giant, (claws
1), (fangs 3), see invisible, (speed 1), (shaggy fur 3), (stealthy paws), no
weapons or thrown items, no armour, multi-lived, sense surroundings 1, wild
magic 1, no potion heal 1
}: 3/15 runes: decaying, slimy, gossamer
a: Breathe Fire, End Transformation, Renounce Religion


You were on level 2 of the Realm of Zot.
You worshipped Vehumet.
Vehumet was exalted by your worship.
You were a fearsome dragon!
You visited 12 branches of the dungeon, and saw 50 of its levels.
You visited the Abyss 1 time.
You also visited: Trove.

You collected 8836 gold pieces.
You spent 2542 gold pieces at shops.

Inventory:

Jewellery
 c - the ring "Boawu" {+Blink Str+6}
   (You found it on level 3 of the Swamp)

   [ring of strength]

   Str:       It affects your strength (+6).
   +Blink:    It lets you blink.
 f - the ring "Ydydgh" {rElec rF+}
   (You found it in a treasure trove)

   [ring of protection from fire]

   rF:        It protects you from fire.
   rElec:     It insulates you from electricity.
 h - a ring of protection from fire
 l - the amulet of Attitude {Spirit Str+6}
   (You found it in a treasure trove)

   [amulet of guardian spirit]

   It causes incoming damage to be divided between your reserves of health and
   magic.
   Str:       It affects your strength (+6).
 n - a ring of protection from cold
 r - an amulet of regeneration (around neck)
 s - an amulet of guardian spirit
 y - the ring of the Manifold Dreams (left foreclaw) {rF+ Str+8 Dex+6 Stlth-}
   (You found it on level 8 of the Dungeon)

   [ring of dexterity]

   Str:       It affects your strength (+8).
   Dex:       It affects your dexterity (+6).
   rF:        It protects you from fire.
   Stlth:     It makes you less stealthy.
 D - a +6 ring of intelligence
 J - a ring of wizardry
 V - a ring of protection from cold (right foreclaw)
Wands
 d - a wand of quicksilver (37)
 k - a wand of polymorph (26)
 u - a wand of iceblast (10)
 A - a wand of paralysis (42)
 K - a wand of flame (123)
 L - a wand of mindburst (27)
 R - a wand of digging (9)
Scrolls
 m - 9 scrolls of magic mapping
 q - 5 scrolls of poison
 x - 29 scrolls of identify {@r1}
 z - a scroll of blinking
 B - 5 scrolls of noise
 I - 5 scrolls of immolation
 M - 2 scrolls of fear
 N - 8 scrolls of amnesia
 O - 6 scrolls of fog
 S - a scroll of silence
 T - 3 scrolls of teleportation {@r4}
Potions
 a - 6 potions of cancellation
 b - 5 potions of brilliance
 e - 17 potions of attraction
 g - 20 potions of curing {@q1}
 i - 6 potions of mutation
 j - 6 potions of flight
 o - 9 potions of haste {@q3}
 p - 2 potions of berserk rage
 t - 6 potions of ambrosia
 v - 7 potions of might
 w - 12 potions of lignification
 C - 7 potions of resistance
 Q - a potion of invisibility


   Skills:
 - Level 20.0 Fighting
 - Level 19.5 Dodging
 - Level 10.0 Stealth
 + Level 14.7 Spellcasting
 - Level 10.0 Conjurations
 - Level 11.0 Translocations
 + Level 15.7 Transmutations
 - Level 24.5 Ice Magic
 - Level 10.0 Earth Magic
 - Level 7.4 Poison Magic
 - Level 1.1 Evocations


You had 6 spell levels left.
You knew the following spells:

 Your Spells              Type           Power      Damage    Failure   Level
a - Ignite Poison         Fire/Tmut/Pois 67%        N/A       1%          3
b - Polar Vortex          Ice            56%        N/A       4%          9
c - Eringya's Noxious Bo  Tmut/Pois      40%        N/A       1%          6
d - Statue Form           Tmut/Erth      56%        N/A       4%          6
e - Ozocubu's Refrigerat  Ice            56%        4d20      1%          7
f - Dragon Form           Tmut           46%        N/A       6%          7
h - Irradiate             Conj/Tmut      42%        3d25      1%          5

Your spell library contained the following spells:

 Spells                   Type           Power      Damage    Failure   Level
 Chain Lightning          Conj/Air       28%        3d37      100%        9
 Shatter                  Erth           37%        3d30*     100%        9
 Apportation              Tloc           100%       N/A       1%          1
 Beastly Appendage        Tmut           100%       N/A       1%          1
 Foxfire                  Conj/Fire      100%       2x1d9     1%          1
 Freeze                   Ice            100%       1d11      1%          1
 Magic Dart               Conj           100%       1d8       1%          1
 Shock                    Conj/Air       100%       1d9       1%          1
 Sting                    Tmut/Pois      100%       1d8       1%          1
 Blink                    Tloc           100%       N/A       1%          2
 Ensorcelled Hibernation  Hex/Ice        100%       N/A       1%          2
 Passwall                 Tmut/Erth      70%        N/A       1%          2
 Poisonous Vapours        Pois/Air       100%       N/A       1%          2
 Scorch                   Fire           48%        2d7       1%          2
 Searing Ray              Conj           100%       2d8       1%          2
 Wereblood                Tmut           92%        N/A       1%          2
 Conjure Flame            Conj/Fire      56%        6-21      1%          3
 Frozen Ramparts          Ice            100%       1d18      1%          3
 Mephitic Cloud           Conj/Pois/Air  59%        N/A       1%          3
 Ozocubu's Armour         Ice            100%       N/A       1%          3
 Spider Form              Tmut/Pois      80%        N/A       1%          3
 Flame Wave               Conj/Fire      56%        2d13      1%          4
 Fulminant Prism          Conj/Hex       28%        3d14      1%          4
 Hailstorm                Conj/Ice       96%        3d19      1%          4
 Ice Form                 Ice/Tmut       100%       N/A       1%          4
 Iskenderun's Mystic Bla  Conj/Tloc      77%        2d15      1%          4
 Olgreb's Toxic Radiance  Pois           66%        N/A       1%          4
 Passage of Golubria      Tloc           79%        N/A       1%          4
 Petrify                  Tmut/Erth      84%        N/A       1%          4
 Sticky Flame             Conj/Fire      56%        2d7       1%          4
 Summon Ice Beast         Ice/Summ       82%        N/A       1%          4
 Alistair's Intoxication  Tmut/Pois      53%        N/A       1%          5
 Blade Hands              Tmut           46%        N/A       1%          5
 Manifold Assault         Tloc           79%        N/A       1%          5
 Metabolic Englaciation   Hex/Ice        41%        N/A       1%          5
 Inner Flame              Hex/Fire       24%        N/A       3%          3
 Iron Shot                Conj/Erth      37%        9d7       3%          6
 Necrotise                Necr           96%        1d8       4%          1
 Slow                     Hex            96%        N/A       4%          1
 Simulacrum               Ice/Necr       41%        N/A       4%          6
 Leda's Liquefaction      Hex/Erth       28%        N/A       6%          4
 Sublimation of Blood     Necr           24%        N/A       7%          2
 Dispersal                Tloc           39%        N/A       8%          6
 Airstrike                Air            12%        2d(2-18)  11%         4
 Call Canine Familiar     Summ           24%        N/A       13%         3
 Swiftness                Air            24%        N/A       13%         3
 Tukima's Dance           Hex            24%        N/A       13%         3
 Vampiric Draining        Necr           24%        2d7       13%         3
 Corpse Rot               Necr/Pois/Air  41%        N/A       14%         4
 Borgnjor's Vile Clutch   Necr/Erth      28%        N/A       14%         5
 Starburst                Conj/Fire      28%        6d9       19%         6
 Anguish                  Hex/Necr       12%        N/A       36%         4
 Animate Dead             Necr           24%        N/A       36%         4
 Agony                    Necr           24%        N/A       69%         5
 Death Channel            Necr           12%        N/A       99%         6
 Summon Cactus Giant      Summ           12%        N/A       99%         6
 Storm Form               Tmut/Air       33%        N/A       75%         7
 Disjunction              Tloc           39%        N/A       93%         8
 Summon Hydra             Summ           12%        N/A       100%        7
 Ignition                 Fire           12%        3d6       100%        8
 Summon Horrible Things   Summ           12%        N/A       100%        8
 Portal Projectile        Hex/Tloc       Unusable   N/A       N/A         3
 Animate Armour           Summ/Erth      Unusable   N/A       N/A         4

Dungeon Overview and Level Annotations

Branches:
Dungeon (15/15)            Temple (1/1) D:5            Lair (5/5) D:10
  Swamp (4/4) Lair:3       Spider (4/4) Lair:3        Slime (5/5) Lair:5
    Orc (2/2) D:9             Elf (3/3) Orc:2        Vaults (4/5) D:14
  Crypt (0/3) Vaults:3     Depths (4/4) D:15           Hell (visited)
    Dis (0/7) Hell            Geh (0/7) Hell            Coc (0/7) Hell
    Tar (0/7) Hell            Zot (2/5) Depths:4

Altars:
Ashenzari
Cheibriados
Dithmenos
Elyvilon
Fedhas
Gozag
Hepliaklqana
Kikubaaqudgha
Makhleb
Nemelex Xobeh
Okawaru
Qazlal
Ru
Sif Muna
Trog
Uskayaw
Vehumet
Wu Jian
Xom
Yredelemnul
Zin
The Shining One
Jiyva
Lugonu

Shops:
D:1 (   D:5 *   D:8 [   D:12 [?!   Orc:2 *=?!:   Elf:3 ?   Vaults:3 :

Portals:
Hell: Depths:1 Depths:2 Depths:3 Depths:4
Abyss: Lair:5 Zot:1 Depths:1 Depths:3 Depths:4
Pandemonium: Depths:2 Depths:3
Ziggurat: Depths:1

Annotations:
D:7 2 transporters, JakeJacob's ghost, novice MiBe
D:8 2 transporters
D:10 exclusion: Psyche
Lair:1 3 runed translucent doors, Usemog's ghost, journeyman FoAK
Swamp:4 Triskal's ghost, adept MiFi
Elf:1 3 runed translucent doors, Frances; ytrimaz's ghost, adept DsNe
Elf:2 3 runed translucent doors
Vaults:4 Xtahua
Depths:3 2 runed translucent doors


Innate Abilities, Weirdness & Mutations

You are a fearsome dragon!
You have a powerful clawing attack.
Your giant scaled body is strong and resiliant, but less evasive.
You can breathe fire.
You are flying.
Your maximum health is greatly increased.
((You have sharp claws.))
((You have razor-sharp teeth.))
You have supernaturally acute eyesight. (SInv)
((You cover ground quickly. (Speed+)))
((Your thick and shaggy fur keeps you warm. (AC +3, rC+)))
((Your paws help you pounce on unaware monsters.))
You are incapable of wielding weapons or throwing items.
You cannot wear armour.
You gain extra lives every three experience levels.
You passively map a small area around you.
Your spells are a little harder to cast, but a little more powerful.
Potions are less effective at restoring your health.


Message History

You start resting.
You feel yourself speed up.
Unknown command.
You start resting.
Your magical contamination has completely faded away.
You start resting.
HP restored.
You start resting.
Magic restored.
Unknown command.
Casting: Irradiate (mildly dangerous; 1% risk of failure)
Confirm with . or Enter, or press ? or * to list all spells.
You extend your transformation's duration.
You fly downwards.
The death cob barely misses you.
The death cob hits you but does no damage.
The death cob hits you! x2; The death cob drains your vigour!
You feel yourself slow down.
There is a stone staircase leading up, spattered with blood here.
Casting: Dragon Form (dangerous; 6% risk of failure)
Confirm with . or Enter, or press ? or * to list all spells.
You miscast Polar Vortex.
You are very lightly contaminated with residual magic.
You shiver with cold!
The death cob hits you!! x2; The death cob hits you.
The death cob drains your vigour!
You feel as though you will be slow longer.
Casting: Polar Vortex (dangerous; 4% risk of failure)
Confirm with . or Enter, or press ? or * to list all spells.
A great freezing vortex appears around you.
The death cob hits you! The death cob hits you!!
* * * LOW HITPOINT WARNING * * *
The death cob completely misses you. The death cob hits you!!
* * * LOW HITPOINT WARNING * * *
Casting: Polar Vortex (dangerous; 4% risk of failure)
Confirm with . or Enter, or press ? or * to list all spells.
You erupt in a fountain of uncontrolled magic!
The death cob is blasted with magical radiation.
The death cob is lightly damaged.
You hear a deafening roar!
The death cob barely misses you. The death cob hits you!!
You die...

....... ...#
, , #.....#
...# #.....#
..##* #.....
.... , **,
#.... #.##.
#... ,* #.#
.. , #.. , *
#.# .,
###§###z#
#.#
....§§§D# *
* #.#*,
....§§§§# ,
* ...
...§§§§§#*
,* * #. ,,
....§§§§§ ,
, #
###.§§... ,
* # *
*#######.
#########,
,. #.......#
# .. ,
#[......#.##
, *


You could see a death cob.

Vanquished Creatures
  the Royal Jelly (Slime:5)
  A dread lich (Vaults:3)
  Mara (Spider:4)
  A juggernaut (Depths:2)
  Bai Suzhen (Depths:1)
  8 caustic shrikes (Depths:2)
  Geryon (Hell)
  Nikola (Spider:1)
  7 golden dragons
  6 tentacled monstrosities
  Rupert (D:15)
  2 quicksilver dragons (Zot:1)
  3 liches
  Mlioglotl (Spider:4)
  A deep elf master archer (Elf:3)
  2 deep elf blademasters (Elf:3)
  5 sphinxes
  3 ancient champions (Hell)
  2 thorn hunters (Swamp:4)
  8 death cobs
  Agnes (Spider:1)
  15 acid blobs
  5 shadow dragons
  3 tengu reavers
  Gastronok (Orc:1)
  5 azure jellies (Slime:5)
  Donald (Spider:1)
  7 storm dragons
  3 draconian monks
  6 rockslimes
  3 draconian scorchers
  5 fire giants
  Aizul (Swamp:1)
  8 frost giants
  A cacodemon (Depths:2)
  6 ghost moths
  10 vault wardens
  7 deep elf sorcerers
  4 emperor scorpions
  3 orc warlords
  2 draconian annihilators
  2 deep elf elementalists (Elf:3)
  Louise (Depths:1)
  3 draconian shifters
  2 iron dragons (Hell)
  2 balrugs
  A spriggan defender (Depths:2)
  25 very ugly things
  2 reapers (Hell)
  12 stone giants
  14 ironbound preservers
  11 ironbound thunderhulks
  15 quicksilver oozes
  A broodmother (Spider:4)
  A juggernaut skeleton (Depths:2)
  14 dire elephants
  3 war gargoyles
  3 black draconians
  9 green draconians
  5 deep elf demonologists (Elf:3)
  9 vampire knights
  2 white draconians
  8 deep elf annihilators
  Azrael (Elf:1)
  5 eleionomae
  8 purple draconians
  10 red draconians
  4 bunyips
  A lorocyproca (Hell)
  4 entropy weavers
  9 spark wasps
  5 yellow draconians
  A blizzard demon (Hell)
  6 ettins
  A crystal guardian (Vaults:4)
  Snorg (D:10)
  6 fire dragons
  4 deep elf death magi (Elf:3)
  2 merfolk impalers (Depths:1)
  A deep elf high priest (Elf:3)
  4 ice dragons
  3 rakshasas
  11 yaktaur captains
  A hell beast (Hell)
  15 hydras
  A peacekeeper (Vaults:4)
  Harold (D:11)
  11 great orbs of eyes
  Erolcha (D:9)
  8 boulder beetles
  4 spriggan air magi
  11 two-headed ogres
  4 vault guards
  A jorogumo (Spider:2)
  6 ironbound frosthearts
  3 ogre magi
  2 radroaches
  2 ghost crabs
  A death knight (Vaults:3)
  8 centaur warriors
  20 dancing weapons
  12 alligators
  11 deep troll shamans
  2 vampire magi (Depths:1)
  6 hell hogs (Hell)
  5 orc high priests
  A deep troll earth mage (Depths:2)
  3 tengu warriors
  7 soul eaters (Hell)
  9 spriggan berserkers
  3 thrashing horrors (Lair:5)
  6 hell knights
  2 shadow wraiths (Hell)
  Sonja (D:12)
  13 sun demons
  3 skeletal warriors (D:15)
  4 pharaoh ants
  8 deep elf knights
  10 iron trolls
  Lodul (D:11)
  11 orb spiders
  Amaemon (D:10)
  67 deep trolls
  10 swamp dragons
  A flayed ghost (Depths:2)
  3 steelbarb worms
  An anaconda zombie (Hell)
  7 glowing orange brains
  3 goliath frogs
  5 spriggan druids
  11 orc knights
  7 lindwurms
  A shadow dragon zombie (Hell)
  An anaconda skeleton (Hell)
  11 bog bodies
  3 phantasmal warriors
  8 deep elf archers
  16 ironbound convokers
  14 wizards
  15 deep elf zephyrmancers
  An iron dragon zombie (Depths:2)
  2 human zombies
  15 harpies
  4 orc sorcerers
  An oklob plant (D:10)
  49 ugly things
  2 mana vipers (shapeshifter)
  10 necromancers
  2 tengu skeletons
  28 deep elf pyromancers
  A will-o-the-wisp (Swamp:1)
  22 wolf spiders
  2 cyclopes
  A frost giant zombie (Vaults:1)
  13 moths of wrath
  2 manticores (D:15)
  8 shining eyes
  9 elephants (Lair:4)
  8 rust devils (Hell)
  3 black mambas
  4 torpor snails
  A black mamba (shapeshifter) (D:15)
  A guardian serpent (shapeshifter) (Elf:3)
  9 smoke demons
  8 cane toads
  25 vault sentinels
  A gargoyle (D:13)
  3 molten gargoyles (Hell)
  An unseen horror (D:11)
  11 komodo dragons
  An orange demon (D:10)
  2 sea snake zombies (Hell)
  A hellion (Hell)
  A tormentor (Hell)
  24 yaktaurs
  Psyche (D:10)
  2 kobold demonologists
  3 rime drakes
  2 demonic crawlers
  2 anaconda simulacra (Hell)
  2 ice devils
  2 human skeletons (Vaults:3)
  A yaktaur (shapeshifter) (D:15)
  A freezing wraith (Vaults:3)
  2 tengu conjurers (D:12)
  An efreet (D:13)
  A red devil (Depths:2)
  A hydra zombie (Hell)
  An elf skeleton (Vaults:3)
  2 ancient zymes (Lair:5)
  A bloated husk (Swamp:2)
  7 polar bears
  A meliai (shapeshifter) (Vaults:4)
  7 trolls
  A harpy skeleton (Hell)
  3 meliai (Spider:2)
  10 tyrant leeches
  A tarantella (shapeshifter) (Lair:5)
  105 slime creatures
  26 tarantellas
  28 blink frogs
  2 dream sheep (Lair:5)
  3 spriggan zombies
  23 hornets
  A frost giant simulacrum (Depths:2)
  An ettin zombie (Depths:1)
  A centaur simulacrum (D:14)
  An ettin skeleton (Vaults:3)
  18 jumping spiders
  3 shadows
  13 culicivoras
  22 spriggans
  A wraith (D:9)
  16 water elementals
  2 air elementals
  7 wyverns
  A vampire (D:9)
  A ynoxinul (Lair:5)
  54 yaks
  A hog (shapeshifter) (Elf:1)
  8 basilisks
  A redback (shapeshifter) (Depths:2)
  2 chaos spawn (Lair:5)
  19 humans (D:14)
  6 fire elementals
  3 golden eyes (Slime:5)
  6 hogs (Lair:3)
  7 vampire mosquitoes (Swamp:2)
  53 redbacks
  A spriggan simulacrum (Depths:1)
  9 small abominations
  5 wargs
  17 water moccasins
  A hydra simulacrum (Hell)
  2 neqoxecs (Depths:2)
  21 swamp worms
  Edmund (D:5)
  An acid dragon (D:13)
  A floating eye (Depths:2)
  5 hell hounds
  An ogre skeleton (Vaults:1)
  5 swamp drakes
  A sky beast (D:7)
  33 orc warriors
  A black bear (Elf:1)
  An ettin simulacrum (Vaults:3)
  23 ogres
  33 wolves
  5 boggarts
  9 centaurs
  2 kobold brigands
  17 bullfrogs
  A gnoll sergeant (D:12)
  3 earth elementals
  8 wights (D:7)
  9 killer bees
  4 electric eels
  A howler monkey (D:5)
  A crimson imp (D:7)
  2 hounds (D:5)
  32 orc priests
  3 jellies
  A gnoll bouda (D:8)
  An iguana (D:6)
  A hell rat (Hell)
  26 orc wizards
  23 gnolls
  12 adders
  2 white imps (D:7)
  An ufetubus (D:6)
  4 worms
  3 dart slugs
  76 orcs
  8 endoplasms
  A giant cockroach (D:3)
  11 hobgoblins
  6 jackals
  4 quokkas
  6 ball pythons
  7 bats
  4 frilled lizards
  8 goblins
  13 kobolds
  7 rats
  6 briar patches (Swamp:4)
  28 bushes
  2 lurking horrors (Zot:1)
2074 creatures vanquished.

Vanquished Creatures (collateral kills)
  A deep elf master archer (Elf:3)
  A deep elf high priest (Elf:3)
  A swamp dragon (Swamp:4)
3 creatures vanquished.

Vanquished Creatures (others)
  Asterion (Spider:1)
  Kirke (Lair:3)
  A deep elf knight (Elf:3)
  A goliath frog (Swamp:1)
  A rust devil (Hell)
  A slime creature (Vaults:3)
  A swamp worm (Swamp:1)
  A swamp drake (Swamp:4)
  An orc wizard (Orc:2)
  2 bushes (D:15)
  218 foxfires
  39 fungi
  70 plants
338 creatures vanquished.

Grand Total: 2415 creatures vanquished

Notes
Turn   | Place    | Note
-------+----------+-------------------------------------------
     0 | D:1      | freelancePsychic the Felid Wanderer began the quest for the
                  | Orb.
     0 | D:1      | freelancePsychic set off with the following items: a potion
                  | of heal wounds {@q2}; and the following spells available to
                  | memorise: Apportation, Blink, Sting, Spider Form,
                  | Iskenderun's Mystic Blast.
     0 | D:1      | Reached XP level 1. HP: 9/9 MP: 3/3
     2 | D:1      | Learned a level 1 spell: Sting
   385 | D:1      | Reached XP level 2. HP: 9/12 MP: 1/4
   393 | D:1      | Gained mutation: Potions are less effective at restoring
                  | your health. [potion of mutation]
   393 | D:1      | Gained mutation: You passively map a small area around you.
                  | [potion of mutation]
   960 | D:1      | Reached skill level 1 in Conjurations
  1185 | D:1      | Found a faded altar of an unknown god.
  1324 | D:1      | Found Xogygis's Antique Weapon Shoppe.
  1369 | D:2      | Reached XP level 3. HP: 14/15 MP: 2/6
  1841 | D:2      | Identified the +7 rapier of Jiamiuto {drain, Contam rElec
                  | rC+ Str+5}
  2382 | D:2      | Reached XP level 4. HP: 19/19 MP: 2/8
  2601 | D:2      | Learned a level 4 spell: Iskenderun's Mystic Blast
  3785 | D:3      | Reached skill level 5 in Translocations
  4164 | D:3      | Reached XP level 5. HP: 22/22 MP: 5/9
  5826 | D:4      | Found a shimmering altar of Xom.
  5874 | D:4      | Found a broken altar of Ashenzari.
  5965 | D:4      | Gained mutation: You are covered in thick fur. (AC +2)
                  | [Felid growth]
  5965 | D:4      | Reached XP level 6. HP: 25/25 MP: 6/10
  6329 | D:5      | Entered Level 5 of the Dungeon
  6338 | D:5      | Found a staircase to the Ecumenical Temple.
  6426 | Temple   | Entered the Ecumenical Temple
  6658 | Temple   | Became a worshipper of Vehumet
  6805 | D:5      | Noticed Edmund
  6821 | D:5      | Killed Edmund
  7037 | D:5      | Reached XP level 7. HP: 26/28 MP: 11/11
  7109 | D:5      | Found Reisejat's Overcharged Wands.
  7416 | D:5      | Found an opulent altar of Gozag.
  7419 | D:5      | Found a white marble altar of Elyvilon.
  7581 | D:5      | Identified the +1 scale mail of the Okapi {rElec Int+3}
  9232 | D:7      | Found a transporter.
  9238 | D:7      | Noticed a troll
  9241 | D:7      | Noticed a moth of wrath
  9273 | D:7      | Reached skill level 5 in Conjurations
  9379 | D:7      | Noticed a steam dragon
  9566 | D:7      | Reached XP level 8. HP: 32/34 MP: 0/13
  9635 | D:7      | Reached * piety under Vehumet
  9635 | D:7      | Offered knowledge of Foxfire by Vehumet.
  9638 | D:7      | Learned a level 1 spell: Foxfire
 10154 | D:7      | Found a transporter.
 10208 | D:7      | Found a bloodstained altar of Trog.
 10564 | D:7      | Noticed JakeJacob's ghost (novice MiBe)
 10895 | D:8      | Reached skill level 10 in Translocations
 10975 | D:8      | Found a transporter.
 11018 | D:8      | Got the Octavo of the Figure and Accompaniment
 11025 | D:8      | Learned a level 5 spell: Irradiate
 11095 | D:8      | Noticed a kobold demonologist
 11138 | D:8      | Found Huthig's Armour Boutique.
 11157 | D:8      | Reached XP level 9. HP: 39/39 MP: 16/16
 11297 | D:8      | Identified the ring of the Manifold Dreams {rF+ Str+8 Dex+6
                  | Stlth-}
 11313 | D:8      | Found a transporter.
 11411 | D:8      | Reached skill level 1 in Transmutations
 11719 | D:8      | Offered knowledge of Static Discharge by Vehumet.
 11858 | D:8      | Reached skill level 5 in Fighting
 11858 | D:8      | Reached skill level 5 in Spellcasting
 12114 | D:8      | Reached ** piety under Vehumet
 12331 | D:9      | Found a staircase to the Orcish Mines.
 12585 | D:9      | Noticed a two-headed ogre
 12603 | D:9      | Reached skill level 1 in Dodging
 12679 | D:9      | Noticed Erolcha
 12685 | D:9      | Killed Erolcha
 12686 | D:9      | Reached XP level 10. HP: 45/45 MP: 19/19
 13015 | D:9      | Reached skill level 5 in Transmutations
 13124 | D:9      | Noticed a tengu warrior
 13191 | D:9      | HP: 1/46 [centaur (4)]
 13192 | D:9      | Slain by a centaur
 13193 | D:9      | Reached XP level 9. HP: -1/42 MP: 22/27
 13389 | D:10     | Entered Level 10 of the Dungeon
 13803 | D:10     | Noticed Psyche
 13814 | D:10     | Noticed an oklob plant
 13817 | D:10     | Found a staircase to the Lair.
 14013 | Abyss:2  | Cast into level 2 of the Abyss (Psyche)
 14107 | Abyss:2  | Noticed a smoke demon
 14112 | Abyss:2  | Noticed a shadow wraith
 14272 | Abyss:2  | Noticed an ancient zyme
 14288 | Abyss:2  | Noticed an ancient zyme
 14304 | D:10     | Escaped the Abyss
 14317 | D:10     | Killed Psyche
 14563 | D:10     | Noticed a two-headed ogre
 14570 | D:10     | Noticed Amaemon
 14570 | D:10     | Noticed an orange demon
 14582 | D:10     | Killed a two-headed ogre
 14582 | D:10     | Offered knowledge of Conjure Flame by Vehumet.
 14583 | D:10     | Reached skill level 5 in Dodging
 14583 | D:10     | Reached XP level 10. HP: 47/47 MP: 10/19
 14624 | Orc:1    | Entered Level 1 of the Orcish Mines
 14656 | Orc:1    | Noticed an orc sorcerer
 14733 | D:9      | Killed a two-headed ogre
 15428 | D:10     | Noticed Snorg
 15563 | D:10     | Killed Amaemon
 15624 | D:10     | Killed an orange demon
 15690 | D:10     | Killed Snorg
 16047 | D:11     | Noticed a brown ugly thing
 16056 | D:11     | Killed a brown ugly thing
 16373 | D:11     | Noticed Lodul
 16419 | D:10     | Killed an oklob plant
 16420 | D:10     | Reached XP level 11. HP: 51/51 MP: 10/20
 16522 | Lair:1   | Entered Level 1 of the Lair of Beasts
 16525 | Lair:1   | Reached *** piety under Vehumet
 17021 | Lair:1   | Offered knowledge of Sticky Flame by Vehumet.
 17034 | Lair:1   | Found a runed translucent gate.
 17282 | Lair:1   | Found a runed translucent gate.
 17282 | Lair:1   | Found a runed translucent gate.
 17283 | Lair:1   | Noticed Usemog's ghost (journeyman FoAK)
 18312 | Lair:2   | Reached **** piety under Vehumet
 18400 | Lair:2   | Offered knowledge of Hailstorm by Vehumet.
 18660 | Lair:2   | Reached skill level 5 in Stealth
 18742 | Lair:2   | Gained mutation: Your thick and shaggy fur keeps you warm.
                  | (AC +3, rC+) [Felid growth]
 18742 | Lair:2   | Reached XP level 12. HP: 57/57 MP: 22/22
 18834 | Lair:2   | Noticed a four-headed hydra
 18933 | Lair:2   | You fall into a shaft and drop 1 floor!
 18960 | Lair:3   | Noticed a six-headed hydra
 18992 | Lair:3   | Killed a six-headed hydra
 18995 | Lair:3   | Reached skill level 10 in Dodging
 19484 | Lair:2   | Killed a four-headed hydra
 19485 | Lair:2   | Reached skill level 10 in Fighting
 19561 | Lair:2   | Noticed a four-headed hydra
 19569 | Lair:2   | Killed a four-headed hydra
 20106 | Lair:3   | Reached skill level 10 in Conjurations
 20107 | Lair:3   | Reached ***** piety under Vehumet
 20109 | Lair:3   | Offered knowledge of Eringya's Noxious Bog by Vehumet.
 20134 | Lair:2   | Learned a level 6 spell: Eringya's Noxious Bog
 20273 | Lair:3   | Found a hole to the Spider Nest.
 20454 | Lair:3   | Noticed Kirke
 20942 | Lair:3   | Found a staircase to the Swamp.
 21151 | Lair:3   | Killed Kirke
 21445 | Lair:4   | Reached XP level 13. HP: 62/62 MP: 24/24
 22506 | Lair:4   | Reached skill level 10 in Stealth
 22818 | Lair:5   | Entered Level 5 of the Lair of Beasts
 23207 | Lair:5   | Reached skill level 5 in Poison Magic
 23497 | Lair:5   | Offered knowledge of Ozocubu's Refrigeration by Vehumet.
 23507 | Lair:5   | Learned a level 7 spell: Ozocubu's Refrigeration
 23628 | Lair:5   | Reached skill level 10 in Transmutations
 23924 | Lair:5   | Found a staircase to the Slime Pits.
 23925 | Lair:5   | Found a viscous altar of Jiyva.
 25184 | Lair:5   | Reached XP level 14. HP: 69/69 MP: 7/26
 25647 | Lair:5   | Found a corrupted altar of Lugonu.
 25647 | Lair:5   | Found a one-way gate to the infinite horrors of the Abyss.
 25959 | Orc:1    | Noticed Gastronok
 26253 | Orc:1    | Killed Gastronok
 26822 | Orc:1    | Offered knowledge of Conjure Ball Lightning by Vehumet.
 26980 | Orc:2    | Entered Level 2 of the Orcish Mines
 27010 | Orc:2    | Found a staircase to the Elven Halls.
 27595 | Orc:2    | Found Gipuonir's Book Shop.
 27596 | Orc:2    | Found Gaxziariel's Distillery.
 27597 | Orc:2    | Found Cuxzot's Jewellery Boutique.
 27601 | Orc:2    | Found Umiskyi's Magic Scroll Boutique.
 27605 | Orc:2    | Bought a potion of haste for 150 gold pieces
 27607 | Orc:2    | Bought a scroll of blinking for 75 gold pieces
 27607 | Orc:2    | Bought a scroll of magic mapping for 75 gold pieces
 27607 | Orc:2    | Bought a scroll of magic mapping for 75 gold pieces
 27607 | Orc:2    | Bought a scroll of fear for 40 gold pieces
 27646 | Orc:2    | Reached skill level 1 in Ice Magic
 27753 | Orc:2    | Reached skill level 2 in Ice Magic
 27832 | Orc:2    | Noticed an orc warlord
 27981 | Orc:2    | Killed an orc warlord
 27982 | Orc:2    | Reached skill level 3 in Ice Magic
 28180 | Orc:2    | Offered knowledge of Yara's Violent Unravelling by Vehumet.
 28363 | Orc:2    | Found Haecs's General Store.
 28374 | Orc:2    | Bought a potion of heal wounds for 55 gold pieces
 28624 | D:11     | Killed Lodul
 28715 | D:11     | Reached skill level 4 in Ice Magic
 28775 | D:11     | Noticed Harold
 28791 | D:11     | Killed Harold
 28875 | D:11     | Identified the +1 robe of Dekil {Dex+3}
 28993 | D:11     | Found a stormy altar of Qazlal.
 29031 | D:11     | Reached skill level 5 in Ice Magic
 29680 | D:12     | Found Sekhee's Magic Scroll Shoppe.
 29686 | D:12     | Bought a scroll of fear for 48 gold pieces
 29686 | D:12     | Bought a scroll of amnesia for 48 gold pieces
 29686 | D:12     | Bought a scroll of summoning for 114 gold pieces
 29686 | D:12     | Bought 2 scrolls of summoning for 228 gold pieces
 29735 | D:12     | Found Guzahab's Distillery.
 29807 | D:12     | Bought a potion of haste for 130 gold pieces
 29807 | D:12     | Bought a potion of brilliance for 52 gold pieces
 29807 | D:12     | Bought 2 potions of resistance for 260 gold pieces
 29807 | D:12     | Bought a potion of haste for 130 gold pieces
 29807 | D:12     | Bought a potion of haste for 130 gold pieces
 29897 | D:12     | Noticed Sonja
 29901 | D:12     | Killed Sonja
 29902 | D:12     | Reached skill level 6 in Ice Magic
 29925 | D:12     | Found Wamuyt's Armour Boutique.
 30608 | D:13     | Reached skill level 7 in Ice Magic
 30955 | D:13     | Learned a level 3 spell: Ignite Poison
 31155 | D:13     | Reached XP level 15. HP: 72/72 MP: 28/28
 31352 | D:14     | Reached skill level 8 in Ice Magic
 31513 | D:14     | Found a portal to a secret trove of treasure.
 31685 | D:14     | Offered knowledge of Fireball by Vehumet.
 31856 | D:14     | Identified the +8 flail "Xomol" {spect, Will+}
 32051 | D:14     | Reached skill level 9 in Ice Magic
 32070 | D:14     | Found a gate to the Vaults.
 32167 | D:15     | Entered Level 15 of the Dungeon
 32168 | D:15     | Noticed Rupert
 32521 | D:15     | Reached skill level 10 in Ice Magic
 32563 | D:15     | Found a staircase to the Depths.
 32793 | D:15     | Identified the +3 great sword of Success {vorpal, Fragile
                  | Str+3 Int+4}
 33266 | Elf:1    | Entered Level 1 of the Elven Halls
 33333 | Elf:1    | Found a radiant altar of Vehumet.
 33630 | Elf:1    | Noticed Frances
 33653 | Elf:1    | Found a runed translucent gate.
 33654 | Elf:1    | Found a runed translucent gate.
 33654 | Elf:1    | Found a runed translucent gate.
 33654 | Elf:1    | Noticed a titan
 33655 | Elf:1    | Noticed a fire giant
 33658 | Elf:1    | Noticed ytrimaz's ghost (adept DsNe)
 33660 | Elf:1    | Noticed an orc warlord
 33666 | Elf:1    | Reached skill level 11 in Ice Magic
 33671 | Elf:1    | Found an iron altar of Okawaru.
 34241 | Elf:1    | Reached skill level 12 in Ice Magic
 34576 | Elf:1    | Noticed Azrael
 34580 | Elf:1    | Killed Azrael
 34909 | Elf:1    | You fall into a shaft and drop 1 floor!
 35000 | Elf:2    | Paralysed by an air elemental for 1 turns
 35098 | Elf:2    | Offered knowledge of Lightning Bolt by Vehumet.
 35247 | Elf:2    | Found a bloodstained altar of Trog.
 35266 | Elf:2    | Identified the +0 ring mail of the Trombone {rC+}
 35326 | Elf:2    | Identified the +7 rapier "Ekkeucot" {vorpal, Will+ Dex+3
                  | SInv}
 35443 | Elf:2    | Reached skill level 13 in Ice Magic
 35766 | Elf:2    | Reached XP level 16. HP: 60/76 MP: 29/29
 35880 | Elf:2    | Found a runed translucent gate.
 35881 | Elf:2    | Found a runed translucent gate.
 35881 | Elf:2    | Found a runed translucent gate.
 36105 | Spider:1 | Entered Level 1 of the Spider Nest
 36170 | Spider:1 | Noticed Nikola
 36260 | Swamp:1  | Entered Level 1 of the Swamp
 36697 | Swamp:1  | Reached skill level 14 in Ice Magic
 37380 | Swamp:1  | Noticed Aizul
 37387 | Swamp:1  | Killed Aizul
 37771 | Swamp:2  | Hit by a stone thrown by a spriggan rider
 37772 | Swamp:2  | Reached XP level 15. HP: -5/72 MP: 9/37
 38617 | Swamp:2  | Identified the +0 leather armour of the Battered Allies
                  | {Rampage Int+8 Dex-2}
 39481 | Swamp:3  | Reached skill level 15 in Ice Magic
 39550 | Swamp:3  | Reached ****** piety under Vehumet
 39635 | Swamp:3  | Offered knowledge of Spellforged Servitor by Vehumet.
 39636 | Swamp:3  | Reached skill level 1 in Earth Magic
 40249 | Swamp:3  | Identified the ring "Boawu" {+Blink Str+6}
 40568 | Swamp:4  | Entered Level 4 of the Swamp
 40568 | Swamp:4  | Noticed a thorn hunter
 40572 | Swamp:4  | Killed a thorn hunter
 40743 | Swamp:4  | Learned a level 6 spell: Statue Form
 40900 | Swamp:4  | Reached XP level 16. HP: 77/77 MP: 29/29
 41108 | Swamp:4  | Reached skill level 5 in Earth Magic
 41860 | Swamp:4  | Noticed a thorn hunter
 41866 | Swamp:4  | Killed a thorn hunter
 41974 | Swamp:4  | Identified the +2 leather armour of Kuepoupie {+Inv Str+7}
 42167 | Swamp:4  | Noticed Triskal's ghost (adept MiFi)
 42170 | Swamp:4  | Found a runed translucent door.
 42777 | Swamp:4  | Got a decaying rune of Zot
 43543 | Spider:1 | Noticed Asterion
 43686 | Spider:1 | Killed Asterion
 43853 | Spider:1 | Offered knowledge of Shatter by Vehumet.
 43853 | Spider:1 | Offered knowledge of Chain Lightning by Vehumet.
 43853 | Spider:1 | Offered knowledge of Polar Vortex by Vehumet.
 43932 | Spider:1 | Noticed Agnes
 44003 | Spider:1 | Killed Agnes
 44104 | Spider:1 | You fall into a shaft and drop 1 floor!
 46463 | Elf:3    | Entered Level 3 of the Elven Halls
 46521 | Elf:3    | Found Dyiw Sye's Magic Scroll Shop.
 46529 | Elf:3    | Bought a scroll of acquirement for 884 gold pieces
 46529 | Elf:3    | Acquired 565 gold pieces
 46981 | Elf:3    | Paralysed by an air elemental for 1 turns
 47239 | Elf:3    | Reached skill level 10 in Earth Magic
 47239 | Elf:3    | Reached XP level 17. HP: 81/81 MP: 17/30
 47534 | Elf:3    | Noticed a deep elf master archer
 47544 | Elf:3    | Killed a deep elf master archer
 47548 | Elf:3    | Acquired a book of Iron
 47548 | Elf:3    | Noticed a deep elf master archer
 47560 | Elf:3    | Killed from afar by a deep elf annihilator
 47561 | Elf:3    | Reached XP level 16. HP: 0/78 MP: 10/39
 48802 | Elf:3    | Reached skill level 10 in Spellcasting
 49010 | Elf:3    | Killed a deep elf master archer
 49234 | Elf:3    | Identified the +10 hand axe of Imminent Death {elec, rC++
                  | Str+4}
 49294 | Elf:3    | Noticed a deep elf blademaster
 49317 | Elf:3    | Killed a deep elf blademaster
 49317 | Elf:3    | Noticed a deep elf blademaster
 49322 | Elf:3    | Killed a deep elf blademaster
 49387 | Elf:3    | Got the Anthology of Blasting
 49389 | Elf:3    | Found the +10 Black Knight's barding {ponderous, rPois rN+}
 49403 | Elf:3    | Got the Anthology of Sepulchral Toxins
 49411 | Elf:3    | Got Selaload's Almanac of Frigid Transposition
 49416 | Elf:3    | Got the Grimoire of Frostbite
 49797 | Vaults:1 | Entered Level 1 of the Vaults
 50261 | Vaults:1 | Reached skill level 16 in Ice Magic
 50269 | Vaults:1 | Reached XP level 17. HP: 72/84 MP: 10/32
 51294 | Vaults:1 | Reached skill level 17 in Ice Magic
 51489 | Vaults:1 | Reached skill level 15 in Fighting
 52771 | Vaults:2 | HP: 1/110 [vault warden/+0 war axe (21)]
 53159 | Elf:1    | Reached skill level 18 in Ice Magic
 53179 | Elf:1    | Reached XP level 18. HP: 90/90 MP: 17/33
 55337 | Vaults:3 | Found Dasusm's Book Shop.
 55600 | Vaults:3 | Reached skill level 19 in Ice Magic
 55665 | Vaults:2 | Learned a level 9 spell: Polar Vortex
 56475 | Vaults:3 | Found a staircase to the Crypt.
 56481 | Vaults:3 | You fall into a shaft and drop 1 floor!
 56691 | Vaults:3 | Noticed a dread lich
 56691 | Vaults:3 | HP: 4/117 [frost giant/+1 battleaxe of freezing (6)]
 56691 | Vaults:3 | Mangled by a phantasmal warrior
 56692 | Vaults:3 | Reached XP level 17. HP: -13/110 MP: 1/32
 57086 | Spider:1 | Noticed Donald
 57232 | Spider:1 | Killed Donald
 57327 | Spider:1 | Killed Nikola
 57726 | Spider:3 | Reached XP level 18. HP: 42/90 MP: 24/33
 57727 | Spider:3 | Reached skill level 20 in Ice Magic
 59033 | Spider:4 | Entered Level 4 of the Spider Nest
 59053 | Spider:4 | Noticed Mara
 59065 | Spider:3 | Upgraded the game from 0.29-a0-994-gc5c9f59d18 to
                  | 0.29-a0-997-gf6f7e2dfe7
 59097 | Spider:4 | Killed Mara
 59097 | Spider:4 | Noticed Mlioglotl
 60013 | Spider:4 | Killed Mlioglotl
 60422 | Spider:4 | Reached skill level 21 in Ice Magic
 60967 | Spider:4 | Got the Book of the Inferno
 61236 | Spider:4 | Got a gossamer rune of Zot
 61503 | D:12     | Bought a scroll of immolation for 48 gold pieces
 62166 | D:15     | Found a radiant altar of Vehumet.
 62432 | D:15     | Killed Rupert
 62682 | Depths:1 | Entered Level 1 of the Depths
 62688 | Depths:1 | Reached skill level 15 in Dodging
 62692 | D:15     | Demolished by an iron troll simulacrum
 62693 | D:15     | Reached XP level 17. HP: -20/110 MP: 19/32
 62901 | Slime:1  | Entered Level 1 of the Pits of Slime
 62991 | Slime:1  | Gained mutation: You occasionally lose the ability to drink
                  | potions when taking damage. [a shining eye]
 63035 | Slime:2  | Gained mutation: Your magical capacity is low. (-10% MP) [a
                  | shining eye]
 63198 | Slime:4  | Noticed an acid blob
 63203 | Slime:4  | Killed an acid blob
 63216 | Slime:4  | Reached XP level 18. HP: 90/90 MP: 9/30
 63364 | Slime:5  | Entered Level 5 of the Pits of Slime
 63371 | Slime:5  | Gained mutation: You sometimes lose your temper in combat.
                  | [a shining eye]
 63420 | Slime:5  | Noticed the Royal Jelly
 63903 | Slime:5  | Killed the Royal Jelly
 63990 | Slime:5  | Found the +10 tower shield of Ignorance {rN+ Int-4}
 64374 | Slime:5  | Identified the +1 ring mail of Gozag's Inspiration {+Inv
                  | rElec}
 64376 | Slime:5  | Got a slimy rune of Zot
 64394 | Slime:5  | Identified the +8 quarterstaff "Gucs" {antimagic, Str+5}
 64504 | Slime:5  | Reached skill level 22 in Ice Magic
 65241 | Vaults:3 | Lost mutation: Your magical capacity is low. (-10% MP)
                  | [potion of mutation]
 65241 | Vaults:3 | Lost mutation: You occasionally lose the ability to drink
                  | potions when taking damage. [potion of mutation]
 65241 | Vaults:3 | Lost mutation: You sometimes lose your temper in combat.
                  | [potion of mutation]
 65241 | Vaults:3 | Gained mutation: Your spells are a little harder to cast,
                  | but a little more powerful. [potion of mutation]
 65271 | Vaults:3 | Noticed a Tzitzimitl
 65281 | Vaults:3 | Noticed an Ice Fiend
 65298 | Vaults:3 | Paralysed by a dread lich for 2 turns
 65300 | Vaults:3 | Killed a dread lich
 65554 | Vaults:3 | Found the +5 glaive of the Guard {elec, spectral, AC+5}
 66293 | Vaults:4 | Reached XP level 19. HP: 95/95 MP: 19/35
 66832 | Vaults:4 | Noticed Xtahua
 67830 | Depths:1 | Noticed Bai Suzhen
 67834 | Depths:1 | Killed Bai Suzhen
 68114 | Depths:1 | Found an opulent altar of Gozag.
 68194 | Depths:1 | Noticed Louise
 68279 | Depths:1 | Killed Louise
 68710 | Depths:1 | Found a one-way gateway to a ziggurat.
 68944 | Depths:1 | Found a gateway to Hell.
 68950 | Depths:1 | Got Tadainut's Octavo of Intoxication and Transposition
 69004 | Hell     | Entered the Vestibule of Hell
 69004 | Hell     | Noticed Geryon
 69111 | Hell     | Killed Geryon
 69197 | Hell     | Reached XP level 20. HP: 102/102 MP: 33/37
 69366 | D:14     | You paid a toll of the horn of Geryon to enter a treasure
                  | trove
 69367 | Trove    | Entered a treasure trove
 69386 | Trove    | Identified the ring "Ydydgh" {rElec rF+}
 69390 | Trove    | Identified the amulet of Attitude {Spirit Str+6}
 69598 | Hell     | Reached skill level 23 in Ice Magic
 69921 | Hell     | Found a gateway to the decaying netherworld of Tartarus.
 70086 | Hell     | Found a gateway to the freezing wastes of Cocytus.
 70265 | Hell     | Found a gateway to the Iron City of Dis.
 70354 | Hell     | Found a gateway to the ashen valley of Gehenna.
 71052 | Depths:2 | Noticed a caustic shrike
 71052 | Depths:2 | Noticed a caustic shrike
 71052 | Depths:2 | Noticed a caustic shrike
 71054 | Depths:2 | Noticed a caustic shrike
 71058 | Depths:2 | Killed a caustic shrike
 71058 | Depths:2 | Slain by a caustic shrike
 71059 | Depths:2 | Reached XP level 19. HP: -3/127 MP: 32/36
 71154 | Depths:2 | Killed a caustic shrike
 71156 | Depths:2 | Killed a caustic shrike
 71283 | Depths:2 | Found a shimmering blue altar of Sif Muna.
 71471 | Depths:2 | Killed a caustic shrike
 71587 | Depths:2 | Noticed a caustic shrike
 71588 | Depths:2 | Noticed a caustic shrike
 71590 | Depths:2 | Noticed a caustic shrike
 71591 | Depths:2 | Killed a caustic shrike
 71591 | Depths:2 | Killed a caustic shrike
 71592 | Depths:2 | Noticed a caustic shrike
 71593 | Depths:2 | Noticed a golden dragon
 71594 | Depths:2 | Killed a caustic shrike
 71594 | Depths:2 | Killed a caustic shrike
 71600 | Depths:2 | Found a one-way gate leading to the halls of Pandemonium.
 71679 | Depths:2 | Identified the +9 plate armour "Areigoi" {Str+2}
 71679 | Depths:2 | Identified the +4 ring mail of Nourig {SInv}
 71716 | Depths:2 | Killed a golden dragon
 71717 | Depths:2 | Reached skill level 24 in Ice Magic
 71759 | Depths:2 | Noticed a golden dragon
 71765 | Depths:2 | Killed a golden dragon
 71823 | Depths:2 | Reached XP level 20. HP: 103/103 MP: 13/37
 72109 | Depths:2 | Identified the +4 leather armour of Parlour Games {rPois
                  | Dex+7}
 72173 | Depths:2 | Noticed a juggernaut
 72179 | Depths:2 | Killed a juggernaut
 72480 | Depths:2 | Noticed a golden dragon
 72494 | Depths:2 | Killed a golden dragon
 72652 | Depths:2 | Got the Commentary on the Birds and Jinxing
 73553 | Depths:3 | Identified the +0 chain mail "Guol" {Int+5 Dex+2}
 73568 | Depths:3 | Found a blossoming altar of Fedhas.
 73802 | Depths:3 | Found a runed translucent door.
 73808 | Depths:3 | Found a runed translucent door.
 73868 | Depths:3 | Noticed a golden dragon
 74280 | Depths:4 | Entered Level 4 of the Depths
 74700 | Depths:4 | Found a gate to the Realm of Zot.
 74965 | Depths:4 | Found a burning altar of Makhleb.
 75227 | Depths:4 | Found a bloodstained altar of Trog.
 75227 | Depths:4 | Found a glowing golden altar of the Shining One.
 75229 | Depths:4 | Found a shimmering altar of Xom.
 75229 | Depths:4 | Found a sacrificial altar of Ru.
 75229 | Depths:4 | Found a hazy altar of Hepliaklqana.
 75288 | Zot:1    | Entered Level 1 of the Realm of Zot
 75361 | Zot:1    | Reached XP level 21. HP: 109/109 MP: 29/39
 75372 | Depths:4 | Learned a level 7 spell: Dragon Form
 75530 | Zot:1    | Noticed a golden dragon
 75536 | Zot:1    | Killed a golden dragon
 75545 | Zot:1    | Noticed a golden dragon
 75550 | Zot:1    | Killed a golden dragon
 75615 | Zot:1    | Noticed a golden dragon
 75756 | Zot:1    | Killed a golden dragon
 76334 | Zot:1    | Found a corrupted altar of Lugonu.
 76377 | Zot:2    | Noticed an orb of fire
 76470 | Zot:2    | Reached skill level 15 in Transmutations
 76530 | Zot:2    | Noticed a golden dragon
 76538 | Zot:2    | Killed a golden dragon
 76685 | Zot:1    | Acquired a book of Winter
 76927 | Zot:2    | Noticed an orb of fire
 77138 | Zot:2    | Mangled by a death cob

Illustrated notes

Levels and vault maps discovered:
D:1:      mrwooster_arrival_statue_3, layout_rooms, serial_shops,
          nicolae_lakefront_shop, shapermc_ecumenical_altar_mp_urbaneastern
D:2:      layout_rooms, serial_forest, infiniplex_forest_lined_ring,
          infiniplex_forest_straight_5, infiniplex_forest_end_2,
          infiniplex_forest_lined_3_way, infiniplex_forest_lined_3,
          infiniplex_forest_straight_5, infiniplex_forest_end_3,
          infiniplex_forest_corner_1, minmay_octomino_j4
D:3:      layout_basic
D:4:      layout_rooms, ashenzari_conservatory_becter,
          mainiacjoe_overflow_six_doors_small, nrook_campfire,
          lemuel_another_geyser
D:5:      layout_layer_cave, chequers_temple_overflow_statue_of_worship,
          minmay_temple_entry_crystal_x, nicolae_shop_overcharged_wands,
          uniq_edmund
D:6:      layout_loops_ring
D:7:      layout_basic, gammafunk_ghost_wrathful_warriors,
          minmay_misc_feat_rugged, minmay_fire_ice_demons
D:8:      gammafunk_wand_slinger, layout_basic, nicolae_take_the_stairs,
          minmay_misc_feat_encased, kennysheep_generic_room_4
D:9:      layout_cave_pools, orc_0_dummy, minmay_fractal_squares_gapless_7,
          uniq_erolcha
D:10:     layout_long_grid, dpeg_oklobed_lair, uniq_snorg, uniq_psyche,
          uniq_amaemon
D:11:     layout_basic, nicolae_qazlal_scattered_showers, uniq_harold,
          uniq_lodul
D:12:     layout_cave_pods, serial_shops, shop_fountains,
          nicolae_shop_hallway_stairs, shop, uniq_sonja
D:13:     layout_rooms
D:14:     layout_roguey [special_room_orc], grunt_vaults_entry_tiered,
          enter_trove_0
D:15:     hangedman_depths_entry_civil_slaughter, layout_loops_ring,
          serial_park_square2, minmay_ruined_shrine, uniq_rupert
Temple:   nicolae_temple_bog_church
Lair:1:   layout_misc_corridors, ebering_ghost_rock_garden, beast_lair_carwin_3,
          lemuel_fruit_fields
Lair:2:   layout_gridlike, grunt_forest_large_clearings
Lair:3:   layout_hall_layers, nicolae_swamp_entry_splash_gauntlet,
          spider_nest_entry_rubble, grunt_megastairs_3, uniq_kirke
Lair:4:   layout_gridlike, infiniplex_staircase_pool
Lair:5:   hellmonk_lair_end_abyssal_woods, layout_long_grid, slime_entry_1,
          serial_rivers, chequers_serial_rivers_small_3,
          chequers_serial_rivers_small_3, chequers_serial_rivers_micro_c,
          chequers_serial_rivers_large_b, chequers_serial_rivers_room_b
Swamp:1:  layout_basic_swamp, nicolae_swamp_decorative_isthmus, swamp_pool1,
          uniq_aizul
Swamp:2:  layout_falls_marsh, serial_swamp_ruin, evilmike_swamp_ruin_rubble_2,
          evilmike_swamp_ruin_house_1, infiniplex_staircase_pool_2
Swamp:3:  layout_basic_swamp, evilmike_swamp_ruin_house_3, swamp_pool4,
          worms_lemuel
Swamp:4:  swamp_alternative, layout_basic_swamp, hellmonk_ghost_happy_afterlife
Spider:1: layout_cave_pods, uniq_donald, uniq_agnes, uniq_nikola, uniq_asterion
Spider:2: layout_cave_pods
Spider:3: layout_spider_delve, spiders_nest_spider_trap
Spider:4: spider_rune_water, uniq_mlioglotl, uniq_mara
Slime:1:  layout_caves
Slime:2:  layout_caves
Slime:3:  layout_caves
Slime:4:  layout_caves
Slime:5
Orc:1:    layout_diamond_mine, uniq_gastronok
Orc:2:    st_orc_mages, layout_caves, serial_shops, nicolae_lakefront_shop
Elf:1:    eino_elf_arrival_altar, layout_loops_ring,
          gammafunk_ghost_fury_of_okawaru, hangedman_elf_disciples,
          kilobyte_rumbling_trees, uniq_azrael, uniq_louise, uniq_frances
Elf:2:    nicolae_elf_blades_crystal_corner, layout_loops_ring,
          evilmike_spriggan_trog_shrine
Elf:3:    grunt_elf_hall_asides, layout_loops_corners, serial_shops,
          nicolae_shop_crystal
Vaults:1: nicolae_vaults_triangles, grunt_vaults_focal, vaults_mumra_hex,
          grunt_vaults_trifunnel, vaults_standard_mumra_lines,
          nicolae_vaults_yaktaur_gun_rack, layout_vaults_omnigrid
Vaults:2: v_misc_18, v_rooms_4, grunt_vaults_diagonal, vaults_room_corners,
          nicolae_vaults_halls_meeting, v_rooms_1, vaults_mumra_hexcomb,
          hangedman_vaults_cutoff, ontoclasm_vaults_pinch,
          ontoclasm_vaults_shuriken, layout_vaults_chaotic_city
Vaults:3: nicolae_vaults_rhombus_5, hangedman_vaults_stitches,
          minmay_crypt_entry_simple_corners, nicolae_vaults_circle_grid_a,
          minmay_guarded_unrand_guard_vaults, nicolae_vaults_little_ls,
          v_misc_12, vaults_room_pools, hangedman_vaults_snaps,
          nicolae_vaults_windows_and_doors_thing, nicolae_vaults_alarming,
          nicolae_vaults_little_squares_3, dpeg_vaults_monster_box,
          layout_vaults_omnicross, serial_shops, nicolae_shop_statue_plus
Vaults:4: vaults_room_semicircle, ontoclasm_vaults_spin, v_rooms_2,
          vaults_dpeg_hooks, nicolae_vaults_hallways_thing, v_misc_23,
          hangedman_vaults_nails, vaults_mumra_minichess_inversion,
          nicolae_vaults_circle_grid_a, vaults_room_semicircle,
          hangedman_vaults_maws, v_misc_33, v_misc_25,
          ontoclasm_vaults_misaligned, layout_vaults_omnibox, uniq_mennas,
          uniq_xtahua
Depths:1: layout_cave_pools, enter_ziggurat_f, lightli_too_deep,
          nicolae_abyss_entry_one_way_or_another, serial_bayou_pond_e,
          hangedman_decor_clover_reticule, grunt_decor_resistance,
          nicolae_gozag_seed_capital, uniq_bai_suzhen
Depths:2: grunt_twisty_corner, layout_basic, grunt_hell_entry_dis_mu,
          lemuel_blue_sif_altar, rand_demon_pan_entry_8,
          infiniplex_staircase_zigzag_4
Depths:3: thingy_vault_2, layout_long_grid, fedhas_altar_2, abyss_entry,
          pan_entry, hell_entry, chequers_serial_rivers_micro_d,
          infiniplex_staircase_spiral
Depths:4: grunt_twist_and_shout, layout_gridville,
          abyss_entry_small_statue_room, doesnt_xom_only_xom,
          hangedman_coc_ice_floe
Hell
Zot:1:    layout_misc_corridors, amcnicky_altar_lugonu_corruption
Zot:2:    layout_basic, hangedman_zot_wheel_spokes, guppyfry_library_mini

Skill      XL: |  1  2  3  4  5  6  7  8  9 10 11 12 13 14 15 16 17 18 19 20 21 |
---------------+----------------------------------------------------------------+-----
Stealth        | 3 5 8 10 | 10.0
Conjurations   | 1 2 3 4 5 6 8 9 10 | 10.0
Translocations | 4 5 6 7 8 10 11 | 11.0
Spellcasting   | 2 3 4 5 6 7 8 10 9 11 12 13 14 | 14.7
Fighting       | 2 4 7 8 9 10 12 14 15 16 17 20 | 20.0
Transmutations | 6 7 8 10 11 13 15 | 15.7
Dodging        | 5 7 9 11 12 13 17 19 | 19.5
Poison Magic   | 3 6 7 |  7.4
Ice Magic      | 7 15 16 18 22 24 23 | 24.5
Earth Magic    | 4 10 | 10.0
Evocations     | |  1.1

Action                   |  1- 3 |  4- 6 |  7- 9 | 10-12 | 13-15 | 16-18 | 19-21 || total
-------------------------+-------+-------+-------+-------+-------+-------+-------++-------
Melee: Unarmed           |     1 |    18 |    13 |    18 |    65 |   254 |    44 ||   413
       Bite              |       |     3 |       |     1 |    10 |    64 |    10 ||    88
       Punch             |       |       |       |     2 |     1 |     8 |       ||    11
       Tailslap          |       |       |       |       |       |       |     2 ||     2
 Cast: Sting             |    86 |   174 |    94 |       |       |       |       ||   354
       Iskenderun's Myst |       |       |    99 |   188 |   286 |     7 |       ||   580
       Foxfire           |       |       |   113 |    10 |       |       |       ||   123
       Irradiate         |       |       |     2 |    57 |   141 |   179 |    53 ||   432
       Eringya's Noxious |       |       |       |       |   110 |   102 |     1 ||   213
       Ignite Poison     |       |       |       |       |    48 |    89 |     1 ||   138
       Ozocubu's Refrige |       |       |       |       |    64 |   327 |    68 ||   459
       Statue Form       |       |       |       |       |       |   138 |    84 ||   222
       Polar Vortex      |       |       |       |       |       |    69 |   166 ||   235
       Dragon Form       |       |       |       |       |       |       |     3 ||     3
 Abil: End Transformatio |       |       |       |       |       |     1 |       ||     1
Evoke: Wand              |       |     1 |     4 |     1 |       |     8 |       ||    14
  Use: Scroll            |     2 |     7 |    11 |     3 |    18 |    40 |     3 ||    84
       Potion            |     1 |     1 |     2 |     1 |     4 |    27 |     3 ||    39
 Stab: Sleeping          |       |     1 |       |       |     1 |     3 |       ||     5
       Distracted        |       |       |       |       |     1 |       |       ||     1
Armor: Skin              |     7 |     5 |    10 |    10 |    19 |   337 |   185 ||   573
Dodge: Dodged            |    40 |    68 |   126 |   177 |   428 |  1541 |  1102 ||  3482

Table legend: (Time is in decaauts)
 A = Elapsed time spent in this place.
 B = Non-inter-level travel time spent in this place.
 C = Inter-level travel time spent in this place.
 D = Time resting spent in this place.
 E = Time spent auto-exploring this place.
 F = Levels seen in this place.
 G = Mean time per level.
                   A        B        C        D        E       F      G
               +--------+--------+--------+--------+--------+-----+--------+
         Total |  76536 |  71170 |   5366 |   8459 |  49062 |  52 | 1471.8 |
       Dungeon |  21782 |  19684 |   2098 |   2483 |  13727 |  15 | 1452.1 |
        Temple |    210 |    188 |     22 |      0 |    147 |   1 |  210.0 |
          Lair |   9212 |   8505 |    707 |    972 |   5982 |   5 | 1842.4 |
         Swamp |   6708 |   6545 |    163 |    526 |   5073 |   4 | 1677.0 |
   Spider Nest |   7710 |   7361 |    349 |    586 |   5285 |   4 | 1927.5 |
    Slime Pits |   1992 |   1857 |    135 |    849 |    611 |   5 |  398.4 |
  Orcish Mines |   2529 |   2128 |    401 |    238 |   1234 |   2 | 1264.5 |
   Elven Halls |   6363 |   5989 |    374 |    218 |   4679 |   3 | 2121.0 |
        Vaults |   9332 |   8821 |    511 |    341 |   6846 |   4 | 2333.0 |
        Depths |   7806 |   7354 |    452 |   1562 |   4371 |   4 | 1951.5 |
          Hell |    942 |    909 |     33 |      0 |    608 |   1 |  942.0 |
           Zot |   1646 |   1529 |    117 |    590 |    441 |   2 |  823.0 |
         Abyss |    260 |    260 |      0 |     90 |     53 |   1 |  260.0 |
         Trove |     39 |     39 |      0 |      0 |      0 |   1 |   39.0 |
               +--------+--------+--------+--------+--------+-----+--------+

Top non-repeatable levels by time:
   Elf:3: 3059 daAuts
  Lair:5: 2937 daAuts
Vaults:2: 2871 daAuts
Depths:2: 2783 daAuts
Vaults:3: 2516 daAuts
 Swamp:4: 2410 daAuts
  Lair:3: 2381 daAuts
Vaults:1: 2319 daAuts
Spider:4: 2304 daAuts
   Elf:1: 2195 daAuts
    D:10: 2186 daAuts
Depths:1: 2107 daAuts
    D:14: 1952 daAuts
  Lair:2: 1933 daAuts
Spider:1: 1916 daAuts
